 Dungeon Crawl Stone Soup version 0.29-a0-11-ga75d3d97ab (webtiles) character file.

Game seed: 15281936466851742084

245 enile the Skirmisher (level 5, -3/54 HPs)
             Began as a Troll Wanderer on Jan 29, 2022.
             Was a Follower of Cheibriados.
             Slain by an ogre (31 damage)
             ... on level 4 of the Dungeon.
             The game lasted 00:04:31 (2549 turns).

enile the Skirmisher (Troll Wanderer)               Turns: 2549, Time: 00:04:32

Health: -3/54      AC:  5    Str: 24    XL:     5   Next: 83%
Magic:  4/5        EV: 10    Int: 13    God:    Cheibriados [*.....]
Gold:   148        SH:  0    Dex: 11    Spells: 6/6 levels left

rFire   . . .      SeeInvis .     - Unarmed
rCold   . . .      Faith    .   (no shield)
rNeg    . . .      Spirit   .   b - +0 robe
rPois   .          Reflect  .   (helmet restricted)
rElec   .          Harm     .   o - +0 cloak {rCorr}
rCorr   +          Rampage  .   (gloves unavailable)
Will    .....                   (boots unavailable)
Stlth   +.........              g - amulet of magic regeneration
HPRegen 0.98/turn               (no ring)
MPRegen 0.49/turn               (no ring)

@: very slow
A: large, unfitting armour, claws 3, regeneration 1, shaggy fur 1, tough skin 1
a: Renounce Religion, Bend Time


You were on level 4 of the Dungeon.
You worshipped Cheibriados.
Cheibriados was aware of your devotion.
You visited 1 branch of the dungeon, and saw 4 of its levels.

You collected 148 gold pieces.

Inventory:

Hand Weapons
 a - a +0 club
 n - a +3 quarterstaff of chaos
 s - a +1 whip of electrocution
Armour
 b - a +0 robe (worn)
 o - a +0 cloak of preservation (worn)
Jewellery
 g - an amulet of magic regeneration (around neck)
Wands
 p - a wand of acid (6)
Scrolls
 c - 2 scrolls of silence
 d - a scroll of identify
 h - a scroll of vulnerability
 k - 2 scrolls of teleportation {unknown}
 l - a scroll of fear {unknown}
 q - a scroll of acquirement {unknown}
 r - a scroll of holy word {unknown}
Potions
 e - 2 potions of heal wounds {unknown}
 f - a potion of haste {unknown}
 i - a potion of curing {unknown}
 j - a potion of flight {unknown}
 m - a potion of mutation {unknown}


   Skills:
 + Level 3.6 Fighting
 - Level 2.0 Dodging
 - Level 1.0 Stealth
 - Level 3.0 Unarmed Combat
 - Level 1.2 Spellcasting
 - Level 1.3 Translocations
 - Level 1.0 Poison Magic
 - Level 1.3 Evocations


You had 6 spell levels left.
You didn't know any spells.
Your spell library contained the following spells:

 Spells                   Type           Power      Damage    Failure   Level
 Apportation              Tloc           8%         N/A       16%         1
 Sting                    Tmut/Pois      8%         1d3       22%         1
 Scorch                   Fire           0%         2d5       38%         2
 Mephitic Cloud           Conj/Pois/Air  1%         N/A       58%         3
 Passage of Golubria      Tloc           4%         N/A       83%         4
 Iskenderun's Mystic Bla  Conj/Tloc      2%         2d3       90%         4
 Flame Wave               Conj/Fire      0%         2d4       95%         4
 Alistair's Intoxication  Tmut/Pois      1%         N/A       99%         5
 Summon Cactus Giant      Summ           0%         N/A       100%        6


Dungeon Overview and Level Annotations

Branches:
Dungeon (4/15)
 Temple: D:4-7

Altars:
Cheibriados

Annotations:
D:4 1 runed translucent door, Clumpoid's ghost, novice GnFi


Innate Abilities, Weirdness & Mutations

You are too large for most types of armour.
You have claws for hands.
Your natural rate of healing is unusually fast.
You are covered in fur. (AC +1)
You have tough skin. (AC +1)


Message History

The worm is severely wounded.
The worm misses you.
You scratch the worm.
The worm is severely wounded.
The worm barely misses you.
You scratch the worm.
The worm is almost dead.
You barely miss the worm.
The worm is almost dead.
The worm closely misses you.
You scratch the worm.
You kill the worm!
No target in view!
No target in view!
No target in view!
No target in view!
No target in view!
No target in view!
Found a stone staircase leading down.
Found 19 bolts.
You see here 19 bolts.
An ogre comes into view. It is wielding a +0 giant club.
The ogre shouts!
An ogre is nearby!
Found a purple potion.
You barely miss the ogre. The ogre closely misses you.
You scratch the ogre.
The ogre is lightly wounded.
You scratch the ogre but do no damage.
The ogre is lightly wounded.
The ogre hits you with a +0 giant club!!
The flow of time bends around you.
The ogre resists with some effort.
The ogre barely misses you. The flow of time bends around you.
The ogre resists with some effort.
The ogre barely misses you. The ogre hits you with a +0 giant club!
There is a stone staircase leading down here.
The ogre hits you with a +0 giant club!!
Ouch! That really hurt!
You die...

#.....#.###.#######
###.###.###.# #.#
#..(..# #.# ####..#
#.# #..# #.# #..#
#.#### #..# #....#
#O.### ####.###@...#
#.....#.##.########
## #.###...#
.##.....# #. #.#
#...#..##.....#####.
#.###...#.#
#.........#.
#...(...#.#
#.....###.#.
######..#.# #.....#
#.#. #..#.# ###.###
#... #..#.# #.# ###.


You could see an ogre.

Vanquished Creatures
  An iguana (D:4)
  Crazy Yiuf (D:2)
  Ijyb (D:3)
  7 adders
  A shadow imp (D:3)
  2 worms
  A dart slug (D:2)
  8 orcs
  6 ball pythons
  10 endoplasms
  2 giant cockroaches
  9 goblins
  7 hobgoblins
  4 jackals (D:2)
  8 kobolds
  2 quokkas
  A bat (D:1)
  2 frilled lizards
  6 rats
79 creatures vanquished.

Vanquished Creatures (others)
  2 goblins (D:3)
2 creatures vanquished.

Grand Total: 81 creatures vanquished

Notes
Turn   | Place    | Note
-------+----------+-------------------------------------------
     0 | D:1      | enile the Troll Wanderer began the quest for the Orb.
     0 | D:1      | enile set off with the following items: a +0 club, a +0
                  | robe, a scroll of silence; and the following spells
                  | available to memorise: Apportation, Sting, Mephitic Cloud,
                  | Passage of Golubria, Iskenderun's Mystic Blast
     0 | D:1      | Reached XP level 1. HP: 19/19 MP: 1/1
   215 | D:1      | Reached XP level 2. HP: 28/28 MP: 2/2
   448 | D:1      | Reached skill level 1 in Unarmed Combat
   817 | D:2      | Reached XP level 3. HP: 35/35 MP: 3/3
  1047 | D:2      | Reached XP level 4. HP: 42/42 MP: 4/4
  1161 | D:2      | Found a runed translucent door.
  1162 | D:2      | Noticed Crazy Yiuf
  1172 | D:2      | Killed Crazy Yiuf
  1276 | D:3      | Noticed Ijyb
  1304 | D:3      | Killed Ijyb
  1305 | D:3      | Reached XP level 5. HP: 12/53 MP: 5/5
  1813 | D:3      | Found a faded altar of an unknown god.
  1941 | D:3      | Prayed at the altar of an unknown god.
  1941 | D:3      | Became a worshipper of Cheibriados the Contemplative
  1941 | D:3      | Reached * piety under Cheibriados
  2343 | D:4      | Noticed Clumpoid's ghost (novice GnFi)
  2345 | D:4      | Found a runed translucent door.
  2533 | D:4      | Noticed an ogre
  2549 | D:4      | Slain by an ogre

Illustrated notes

Levels and vault maps discovered:
D:1:      mrwooster_arrival_statue, layout_basic
D:2:      layout_rooms, uniq_crazy_yiuf_cottage
D:3:      kennysheep_the_goblin_king, layout_basic,
          hellmonk_ecumenical_altar_leap_of_faith, minmay_tree_intersection
D:4:      layout_loops_ring, amcnicky_altar_gilded,
          hellmonk_ghost_happy_afterlife, roderic_serpentine_path,
          minmay_misc_feat_chi

Skill      XL: |  1  2  3  4  5 |
---------------+----------------+-----
Fighting       | 2 3 |  3.6
Unarmed Combat | 2 3 |  3.0
Dodging        | 2 |  2.0
Stealth        | |  1.0
Spellcasting   | |  1.2
Translocations | |  1.3
Poison Magic   | |  1.0
Evocations     | |  1.3

Action                   |  1- 3 |  4- 6 || total
-------------------------+-------+-------++-------
Melee: Unarmed           |   110 |   142 ||   252
       Club              |     1 |       ||     1
       Punch             |     3 |     5 ||     8
Invok: Bend Time         |       |     2 ||     2
  Use: Scroll            |       |     2 ||     2
 Stab: Sleeping          |     1 |     4 ||     5
Armor: Robe              |    35 |    42 ||    77
Dodge: Dodged            |    45 |    54 ||    99

Table legend: (Time is in decaauts)
 A = Elapsed time spent in this place.
 B = Non-inter-level travel time spent in this place.
 C = Inter-level travel time spent in this place.
 D = Time resting spent in this place.
 E = Time spent auto-exploring this place.
 F = Levels seen in this place.
 G = Mean time per level.
                   A        B        C        D        E       F      G
               +--------+--------+--------+--------+--------+-----+--------+
         Total |   2752 |   2586 |    166 |      0 |   2040 |   4 |  688.0 |
       Dungeon |   2752 |   2586 |    166 |      0 |   2040 |   4 |  688.0 |
               +--------+--------+--------+--------+--------+-----+--------+

Top non-repeatable levels by time:
     D:3: 924 daAuts
     D:1: 800 daAuts
     D:4: 563 daAuts
     D:2: 463 daAuts
